AoeStats
← 普恩杰的薄

Black Forest

511016762Analyzed
3v3 RM · 8h ago on Oct 3, 2026· 61m 42s· 6 players
Game mode
Random Map
Map size
Normal (6 player)
Population
200
Speed
Normal
Resources
Standard
Victory
Conquest
Starting age
Dark Age
Ending age
Imperial Age
RankedLock teamsTeams togetherTeam positionsShared explorationLock speedFull tech treeHidden civsTurbo modeCheats
Victory
Defeat
🇦🇷 Danes · Argentina
999
+14
🇹🇼 Aztecs · Taiwan
942
+16
🇭🇰 Huns · Hong Kong SAR China
923
+17
🇨🇳 Goths · China
979
-37
🇨🇳 Franks · China
929
-15
🇨🇳 Britons · China
929
-15
我儿陆振洋
0:37 Loom
12:26 Feudal Age
16:00 Castle Age
16:04 Double-Bit Axe
23:31 Forging
23:13 Fletching
23:54 Bow Saw
25:56 Gold Mining
25:49 Horse Collar
29:28 Bodkin Arrow
38:34 Imperial Age
40:42 Wheelbarrow
40:17 Pikeman
40:57 Squires
40:43 Arson
40:23 Elite Skirmisher
42:46 Gold Shaft Mining
43:08 Conscription
43:03 Halberdier
48:47 Padded Archer Armor
48:48 Bracer
48:52 Padded Archer Armor
49:55 Ballistics
50:36 Chemistry
50:50 Scale Mail Armor
51:01 Forging
51:53 Chain Mail Armor
SUMC_静静
11:02 Feudal Age
11:45 Double-Bit Axe
21:24 Castle Age
20:25 Stone Mining
20:29 Gold Mining
25:21 Bow Saw
26:53 Wheelbarrow
27:52 Scale Barding Armor
30:37 Gold Shaft Mining
34:32 Imperial Age
33:08 Chain Barding Armor
32:59 Forging
33:41 Husbandry
35:34 Iron Casting
35:18 Cavalier
36:10 Chivalry
36:41 Paladin
39:30 Blast Furnace
39:05 Plate Barding Armor
41:26 Hand Cart
41:59 Scale Mail Armor
47:55 Loom
49:41 Ballistics
52:37 Conscription
52:28 Squires
51:50 Pikeman
52:52 Chain Mail Armor
52:44 Halberdier
普恩杰的薄
0:34 Loom
11:59 Feudal Age
15:19 Wheelbarrow
16:47 Castle Age
14:42 Horse Collar
14:50 Double-Bit Axe
17:28 Wheelbarrow
22:06 Stone Mining
23:52 Stone Shaft Mining
23:54 Heavy Plow
25:01 Bow Saw
26:18 Hand Cart
26:28 Town Watch
27:05 Gold Mining
27:31 Town Patrol
31:37 Anarchy
32:47 Squires
35:37 Imperial Age
35:02 Scale Mail Armor
35:12 Forging
35:41 Elite Huskarl
36:40 Chain Mail Armor
37:58 Two-Man Saw
37:33 Crop Rotation
36:42 Capped Ram
38:11 Iron Casting
40:13 Blast Furnace
40:20 Perfusion
41:44 Coinage
41:31 Pikeman
42:04 Halberdier
51:40 Banking
南瓜小公主
0:29 Loom
10:20 Feudal Age
11:49 Wheelbarrow
16:25 Castle Age
14:18 Double-Bit Axe
15:33 Gold Mining
15:26 Horse Collar
24:22 Heavy Plow
25:40 Hand Cart
30:50 Imperial Age
28:57 Town Watch
29:24 Bow Saw
29:49 Crossbowman
30:23 Fletching
30:33 Padded Archer Armor
30:43 Stone Mining
31:28 Gold Shaft Mining
31:02 Bodkin Arrow
31:32 Caravan
31:37 Elite Skirmisher
32:51 Scale Mail Armor
33:03 Forging
32:57 Town Patrol
33:36 Coinage
33:47 Stone Shaft Mining
33:50 Crop Rotation
33:42 Treadmill Crane
34:23 Ballistics
35:04 Chemistry
33:49 Arrowslits
34:00 Murder Holes
33:48 Arbalester
34:47 Leather Archer Armor
36:03 Conscription
36:33 Iron Casting
36:13 Chain Mail Armor
35:59 Bracer
36:07 Eagle Warrior
37:04 Elite Eagle Warrior
37:45 Squires
38:20 Siege Engineers
38:25 Fortified Wall
38:46 Pikeman
43:08 Banking
43:09 Plate Mail Armor
43:40 Blast Furnace
44:18 Arson
51:45 Garland Wars
51:29 Atlatl
55:08 Elite Jaguar Warrior
H020IY
1:00 Loom
11:59 Feudal Age
16:40 Castle Age
15:44 Horse Collar
15:54 Double-Bit Axe
18:53 Arson
19:53 Wheelbarrow
25:37 Forging
28:21 Bow Saw
28:23 Fletching
28:53 Scale Mail Armor
29:47 Squires
30:37 Chain Mail Armor
32:32 Hamask
35:48 Imperial Age
33:58 Heavy Plow
35:07 Caravan
35:18 Gambesons
37:07 Conscription
37:03 Town Watch
37:29 Hamask
39:01 Hand Cart
41:47 Town Patrol
42:26 Iron Casting
42:21 Plate Mail Armor
41:48 Bodkin Arrow
42:33 Hoardings
42:15 Elite Varangian Guard
45:28 Blast Furnace
44:09 Capped Ram
44:53 Elite Jomsviking
48:09 Coinage
47:42 Siege Ram
49:53 Stone Mining
49:53 Gold Mining
52:37 Scale Barding Armor
52:33 Bracer
53:05 Banking
55:20 Onager
57:23 Fervor
57:24 Redemption
57:29 Block Printing
57:14 Devotion
57:35 Sanctity
57:50 Theocracy
57:42 Illumination
57:32 Heavy Scorpion
kongqman
1:29 Loom
11:31 Feudal Age
12:19 Double-Bit Axe
13:22 Horse Collar
14:52 Fletching
20:05 Castle Age
19:30 Forging
23:22 Bow Saw
25:56 Wheelbarrow
25:26 Heavy Plow
26:45 Town Watch
27:10 Scale Barding Armor
27:06 Murder Holes
28:15 Marauders
30:00 Husbandry
32:42 Imperial Age
30:30 Gold Mining
31:00 Bloodlines
31:47 Ballistics
31:12 Pikeman
32:58 Chain Barding Armor
32:22 Light Cavalry
33:40 Iron Casting
33:30 Masonry
35:01 Plate Barding Armor
34:53 Conscription
36:01 Two-Man Saw
36:25 Parthian Tactics
37:05 Blast Furnace
37:27 Scale Mail Armor
36:51 Halberdier
37:31 Squires
37:54 Caravan
37:38 Hussar
42:53 Bodkin Arrow
44:01 Chemistry
60:50 Heavy Cavalry Archer
Connection lost

Rejoining the realm…

Still unreachable

The connection could not be restored.

Session expired

The server has moved on; the page needs a fresh start.